 Dungeon Crawl Stone Soup version 0.29-a0-649-g45c230d69a (webtiles) character file.

Game seed: 10701345859073369488

1578 Essalna the Zephyrmancer (level 8, -1/44 (48) HPs)
             Began as a Tengu Air Elementalist on June 21, 2022.
             Was an Initiate of Vehumet.
             Slain by a wight
             ... wielding a +4 halberd of freezing
              (7 damage)
             ... in an ossuary.
             The game lasted 00:12:23 (7503 turns).

Essalna the Zephyrmancer (Tengu Air Elementalist)   Turns: 7503, Time: 00:12:23

HP:   -1/44 (48)    AC:  3    Str:  8    XL:     8   Next: 91%
MP:   4/16          EV: 16    Int: 19    God:    Vehumet [......]
Gold: 265           SH:  0    Dex: 14    Spells: 8/16 levels left

rFire   . . .      SeeInvis .   o - +2 dagger (venom)
rCold   . . .      Faith    .   (no shield)
rNeg    . . .      Spirit   .   a - +0 robe
rPois   .          Reflect  .   (helmet restricted)
rElec   .          Harm     .   (no cloak)
rCorr   .          Rampage  .   v - +0 pair of gloves
Will    +....                   (boots unavailable)
Stlth   ++........              (no amulet)
HPRegen 0.14/turn               e - ring of wizardry
MPRegen 0.15/turn               q - ring of willpower

@: flying quickly and evasively, drained, quick
A: beak, talons 3, nimble flight
a: Renounce Religion


You were in an ossuary.
You worshipped Vehumet.
Vehumet was noncommittal.
You visited 1 branch of the dungeon, and saw 6 of its levels.
You also visited: Ossuary.

You collected 265 gold pieces.

Inventory:

Hand Weapons
 c - a +0 spear
 o - a +2 dagger of venom (weapon)
 r - a +2 spear of freezing
Armour
 a - a +0 robe (worn)
 v - a +0 pair of gloves (worn)
Jewellery
 e - a ring of wizardry (left hand)
 n - a +6 ring of dexterity
 q - a ring of willpower (right hand)
 t - a ring of resist corrosion
Wands
 g - a wand of digging (5)
 j - a wand of polymorph (9)
 w - a wand of iceblast (16)
 y - a wand of quicksilver (12)
 A - a wand of paralysis (7)
Scrolls
 h - 5 scrolls of identify
 p - 2 scrolls of teleportation
Potions
 b - a potion of magic
 d - a potion of cancellation
 f - 2 potions of might {unknown}
 i - 2 potions of attraction
 k - 2 potions of curing {unknown}
 l - a potion of degeneration {unknown}
 m - 5 potions of resistance {unknown}
 s - a potion of brilliance {unknown}
 u - a potion of invisibility {unknown}
 x - a potion of mutation {unknown}
 z - a potion of lignification {unknown}


   Skills:
 + Level 4.7 Fighting
 - Level 4.1 Armour
 + Level 5.2 Dodging
 - Level 2.0 Stealth
 + Level 4.8 Spellcasting
 - Level 3.0 Conjurations
 + Level 8.1 Air Magic


You had 8 spell levels left.
You knew the following spells:

 Your Spells              Type           Power      Damage    Failure   Level
a - Shock                 Conj/Air       100%       1d9       1%          1
b - Swiftness             Air            35%        N/A       1%          3
c - Airstrike             Air            17%        N/A       1%          4

Your spell library contained the following spells:

 Spells                   Type           Power      Damage    Failure   Level
 Static Discharge         Conj/Air       25%        N/A       1%          2
 Foxfire                  Conj/Fire      40%        2x1d6     2%          1
 Necrotize                Necr           16%        1d4       5%          1
 Ensorcelled Hibernation  Hex/Ice        8%         N/A       8%          2
 Passwall                 Tmut/Erth      3%         N/A       8%          2
 Conjure Flame            Conj/Fire      10%        6-21      9%          3
 Inner Flame              Hex/Fire       4%         N/A       16%         3
 Vampiric Draining        Necr           4%         2d6       16%         3
 Flame Wave               Conj/Fire      10%        2d5       26%         4
 Agony                    Necr           4%         N/A       77%         5


Dungeon Overview and Level Annotations

Branches:
Dungeon (6/15)            Ossuary (1/1)
 Temple: D:4-7

Altars:
Dithmenos
Gozag
Hepliaklqana
Nemelex Xobeh
Sif Muna
Vehumet
Yredelemnul

Shops:
D:6 (

Annotations:
D:6 Edmund, Eustachio


Innate Abilities, Weirdness & Mutations

You have a beak for a mouth.
You have claws for feet.
Your magical nature lets you fly swiftly and evasively.


Message History

Casting: Airstrike (dangerous; 1% risk of failure)
Confirm with . or Enter, or press ? or * to list all spells.
Aiming: Airstrike (dangerous; 1% risk of failure)
Press: ? - help, Dir - move target, f/p - wraith
Aim: a wraith (almost destroyed, empty space bonus: 5/8)
The air twists around and strikes the wraith!
You destroy the wraith!
Vehumet accepts your kill.
Your Dodging skill increases to level 5!
Your Air Magic skill increases to level 8!
You reach down and open the door.
A wight comes into view.
It is wielding a +4 halberd of freezing.
Casting: Airstrike (dangerous; 1% risk of failure)
Confirm with . or Enter, or press ? or * to list all spells.
Aiming: Airstrike (dangerous; 1% risk of failure)
Press: ? - help, Dir - move target, f - wight
Aim: a wight, wielding a +4 halberd of freezing and wearing a +0 robe (dormant, empty space bonus: 1/8)
The air twists around and strikes the wight.
The wight is lightly damaged.
The wight hits you from afar with a +4 halberd of freezing!
You feel drained. The wight freezes you.
Casting: Airstrike (dangerous; 1% risk of failure)
Confirm with . or Enter, or press ? or * to list all spells.
Aiming: Airstrike (dangerous; 1% risk of failure)
Press: ? - help, Dir - move target, f/p - wight
Aim: a wight, wielding a +4 halberd of freezing and wearing a +0 robe (lightly damaged, empty space bonus: 1/8)
The air twists around and strikes the wight!
The wight is heavily damaged.
The wight barely misses you.
Casting: Airstrike (dangerous; 1% risk of failure)
Confirm with . or Enter, or press ? or * to list all spells.
Aiming: Airstrike (dangerous; 1% risk of failure)
Press: ? - help, Dir - move target, f/p - wight
Aim: a wight, wielding a +4 halberd of freezing and wearing a +0 robe (heavily damaged, empty space bonus: 1/8)
The air twists around and strikes the wight.
The wight is severely damaged.
The wight hits you from afar with a +4 halberd of freezing!!
* * * LOW HITPOINT WARNING * * *
You feel drained.
You die...

#################
#..............@#
#.)##..###..##'.#
#.#.#..#z#..#z#.#
#.###..###..###.# ### ########
#...............# #W# #.....##
#.###.......###.###▓#####.8.8.##
#.# #.......# #.'.....'.......'.
#.###.......###.###▓#####.8.8.##
#...............# #z# #.....##


You could see a wight.

Vanquished Creatures
  A wyvern (D:5)
  2 wraiths (Ossuary)
  Menkaure (D:4)
  An orc warrior (D:5)
  3 ogres
  A scorpion (D:6)
  A bullfrog (D:6)
  2 wights (Ossuary)
  3 hounds
  An orc priest (D:3)
  A gnoll shaman (D:4)
  2 iguanas (D:5)
  An orc wizard (D:3)
  5 gnolls (D:4)
  8 adders
  2 worms
  3 dart slugs
  8 orcs
  4 ball pythons
  6 endoplasms
  2 giant cockroaches
  10 goblins
  6 hobgoblins
  3 jackals (D:1)
  3 kobolds
  4 quokkas
  A ball python skeleton (Ossuary)
  4 bats
  6 frilled lizards
  A hobgoblin skeleton (Ossuary)
  A hobgoblin zombie (Ossuary)
  2 kobold zombies (Ossuary)
  4 orc skeletons (Ossuary)
  8 rats
111 creatures vanquished.

Notes
Turn   | Place    | Note
-------+----------+-------------------------------------------
     0 | D:1      | Essalna the Tengu Air Elementalist began the quest for the
                  | Orb.
     0 | D:1      | Reached XP level 1. HP: 10/10 MP: 4/4
   203 | D:1      | Reached XP level 2. HP: 15/15 MP: 0/6
   731 | D:1      | Found a faded altar of an unknown god.
  1242 | D:1      | Reached XP level 3. HP: 19/19 MP: 2/7
  1855 | D:2      | Reached skill level 5 in Air Magic
  2344 | D:2      | Found a basalt altar of Yredelemnul.
  2394 | D:2      | Reached XP level 4. HP: 24/24 MP: 0/8
  2398 | D:2      | Learned a level 3 spell: Swiftness
  2600 | D:2      | Reached skill level 1 in Fighting
  3351 | D:3      | Gained mutation: Your magical nature lets you fly swiftly
                  | and evasively. [Tengu growth]
  3351 | D:3      | Reached XP level 5. HP: 30/30 MP: 0/10
  3382 | D:3      | Learned a level 4 spell: Airstrike
  3648 | D:3      | Found an opulent altar of Gozag.
  3952 | D:4      | Noticed Menkaure
  3969 | D:4      | Killed Menkaure
  3970 | D:4      | Reached skill level 1 in Armour
  3970 | D:4      | Reached skill level 6 in Air Magic
  3970 | D:4      | Reached XP level 6. HP: 21/36 MP: 1/11
  4587 | D:4      | Reached XP level 7. HP: 29/41 MP: 0/13
  4786 | D:4      | Noticed a shadow
  4787 | D:4      | Found a shadowy altar of Dithmenos.
  4788 | D:4      | Found a hazy altar of Hepliaklqana.
  4930 | D:4      | Found a radiant altar of Vehumet.
  4936 | D:4      | Became a worshipper of Vehumet
  4973 | D:5      | Entered Level 5 of the Dungeon
  5699 | D:5      | Noticed a wyvern
  5703 | D:5      | Killed a wyvern
  5704 | D:5      | Reached skill level 7 in Air Magic
  5704 | D:5      | Reached XP level 8. HP: 48/48 MP: 0/15
  6302 | D:5      | Found a shimmering blue altar of Sif Muna.
  6438 | D:5      | Found a sparkling altar of Nemelex Xobeh.
  6481 | D:6      | Noticed Edmund
  6795 | D:6      | Found Wicrew's Weapon Shoppe.
  6820 | D:6      | Found a sand-covered staircase.
  6821 | D:6      | Noticed Eustachio
  6829 | Ossuary  | Entered an ossuary
  7076 | Ossuary  | Noticed a wraith
  7076 | Ossuary  | Noticed a flying skull
  7109 | Ossuary  | Noticed a flying skull
  7255 | Ossuary  | Noticed a flying skull
  7261 | Ossuary  | Noticed a wraith
  7268 | Ossuary  | Killed a wraith
  7380 | Ossuary  | Noticed a wraith
  7384 | Ossuary  | Killed a wraith
  7385 | Ossuary  | Reached skill level 5 in Dodging
  7385 | Ossuary  | Reached skill level 8 in Air Magic
  7503 | Ossuary  | Slain by a wight

Illustrated notes

Levels and vault maps discovered:
D:1:      matt_arrival_diagonals, layout_basic, ebering_ecumenical_altar_webs,
          hangedman_abyss_or_decor_stabs
D:2:      layout_loops_ring, basic_altar, amethyst_killhole
D:3:      layout_basic, mainiacjoe_overflow_alcove_4
D:4:      layout_cave_pools, riverfiend_overflow_shadow_ancestor,
          mainiacjoe_overflow_alcove_1, serial_column_ruins,
          column_ruins_pillar_2, column_ruins_pillar_2, column_ruins_pillar_2,
          column_ruins_pillar_3, column_ruins_pillar_7, column_ruins_pillar_3,
          column_ruins_pillar_3, column_ruins_pillar_2, column_ruins_pillar_7,
          column_ruins_pillar_2, column_ruins_pillar_6, column_ruins_pillar_6,
          uniq_menkaure
D:5:      layout_cave_pools, lemuel_blue_sif_altar, nemelex_dance_club_becter,
          chequers_jeans, chequers_serial_rivers_small_a
D:6:      layout_basic, serial_shops, nicolae_shop_bloodbath_and_beyond,
          enter_ossuary_3, minmay_checkerbox, uniq_crazy_yiuf_cottage,
          uniq_grinder, uniq_eustachio, uniq_edmund
Ossuary:  ossuary_due_cavern

Skill      XL: |  1  2  3  4  5  6  7  8 |
---------------+-------------------------+-----
Conjurations   | 2 3 |  3.0
Air Magic      | 5 6 7 8 |  8.1
Fighting       | 1 2 3 4 |  4.7
Spellcasting   | 3 4 |  4.8
Armour         | 1 2 3 4 |  4.1
Dodging        | 3 4 5 |  5.2
Stealth        | |  2.0

Action                   |  1- 3 |  4- 6 |  7- 9 || total
-------------------------+-------+-------+-------++-------
Melee: Spear             |     9 |       |       ||     9
       Kick              |     2 |     9 |     4 ||    15
       Dagger            |       |    28 |     9 ||    37
       Peck              |       |     7 |     1 ||     8
 Cast: Shock             |    90 |    96 |    58 ||   244
       Airstrike         |       |     1 |    33 ||    34
       Swiftness         |       |       |     1 ||     1
  Use: Scroll            |       |       |     8 ||     8
       Potion            |       |       |     2 ||     2
Armor: Robe              |     5 |     4 |     3 ||    12
Dodge: Dodged            |    10 |    20 |    33 ||    63

Table legend: (Time is in decaauts)
 A = Elapsed time spent in this place.
 B = Non-inter-level travel time spent in this place.
 C = Inter-level travel time spent in this place.
 D = Time resting spent in this place.
 E = Time spent auto-exploring this place.
 F = Levels seen in this place.
 G = Mean time per level.
                   A        B        C        D        E       F      G
               +--------+--------+--------+--------+--------+-----+--------+
         Total |   7363 |   7138 |    225 |    654 |   5704 |   7 | 1051.9 |
       Dungeon |   6695 |   6470 |    225 |    654 |   5097 |   6 | 1115.8 |
       Ossuary |    668 |    668 |      0 |      0 |    607 |   1 |  668.0 |
               +--------+--------+--------+--------+--------+-----+--------+

Top non-repeatable levels by time:
     D:1: 1851 daAuts
     D:5: 1519 daAuts
     D:4: 1261 daAuts
     D:2: 1183 daAuts
     D:3: 838 daAuts
 Ossuary: 668 daAuts
     D:6: 40 daAuts
